cohdb
Replays
Latest Replays
All Replays
Popular Replays
Top Player Replays
Match Explorer
How It Works
Community
CoH3 Stats
Reddit
Sign in to upload your games and track your stats! →
Sign in with Steam
Match 45445093
Unlisted
Match 45445093
Overview
Messages
Build Orders
End
Engineer Squad
Construct Weapon Support Center
M1919 Machine Gun Team
Scout Squad
Bazooka Squad
M1919 Machine Gun Team
Construct Medical Station
Bazooka Squad
Selects Advanced Infantry Battlegroup
Selects Advanced Infantry Battlegroup
Selects Ammunition Storage
.30 cal Machine Gun
Selects M2A1 105mm Howitzer Emplacement
Engineer Squad
Infantry Support Center
Bazooka Squad
Improved M9 Bazooka Rockets
Selects Free Fire Drills
Selects Convert to Ranger Squad
Selects Frontline Medical Station
Bazooka Squad
.30 cal Machine Gun
Brick_man
StaRadian((
막돔황챠
또황챠
nateums
1789Lan1949
MainAcrobat
CiscoCrisco
0
0
Comments
sign in to comment!
No comments posted yet!